 Dungeon Crawl Stone Soup version 0.26.1-2-gb8aa6d0cf2 (webtiles) character file.

Game seed: 15035601678536578114

154 FishyPogo the Firebug (level 5, -1/42 HPs)
             Began as a Draconian Fire Elementalist on Mar 1, 2021.
             Slain by a gnoll
             ... wielding a +0 spear
              (9 damage)
             ... on level 2 of the Dungeon.
             The game lasted 00:10:55 (2901 turns).

FishyPogo the Firebug (Draconian Fire Elementalist) Turns: 2901, Time: 00:10:56

Health: -1/42      AC:  6    Str: 11    XL:     5   Next: 13%
Magic:  1/9        EV: 12    Int: 16    God:
Gold:   95         SH:  0    Dex: 11    Spells: 5/10 levels left

rFire    . . .     SeeInvis .   (no weapon)
rCold    . . .     Faith    .   (no shield)
rNeg     . . .     Spirit   .   (armour unavailable)
rPois    .         Reflect  .   (helmet restricted)
rElec    .         Harm     .   (no cloak)
rCorr    .         Rampage  .   e - +0 pair of gloves
Will     .....                  (no boots)
Stlth    ++........             (no amulet)
HPRegen  0.14/turn              (no ring)
MPRegen  0.11/turn              (no ring)

@: no status effects
A: unfitting armour, cold-blooded, AC +5
a: no special abilities


You were on level 2 of the Dungeon.
You visited 1 branch of the dungeon, and saw 2 of its levels.

You collected 95 gold pieces.

Inventory:

Missiles
 a - 144 stones
Armour
 e - a +0 pair of gloves (worn)
Jewellery
 f - a cursed -4 ring of evasion {unknown}
 g - a +4 ring of evasion {unknown}
Scrolls
 c - 3 scrolls of identify {unknown}
Potions
 b - a potion of curing
 d - a potion of flight {unknown}


   Skills:
 + Level 2.5 Fighting
 - Level 2.0 Dodging
 - Level 2.0 Stealth
 - Level 3.0 Spellcasting
 * Level 2.1 Conjurations
 * Level 3.9 Fire Magic


You had 5 spell levels left.
You knew the following spells:

 Your Spells              Type           Power        Failure   Level
c - Sticky Flame          Conj/Fire      12%          47%         4
y - Foxfire               Conj/Fire      48%          5%          1

Your spell library contained the following spells:

 Spells                   Type           Power        Failure   Level
 Conjure Flame            Conj/Fire      12%          16%         3
 Inner Flame              Hex/Fire       8%           26%         3
 Fireball                 Conj/Fire      6%           83%         5


Dungeon Overview and Level Annotations

Branches:
Dungeon (2/15)

Altars:
Zin

Shops:
D:2 *


Innate Abilities, Weirdness & Mutations

Your plain brown scales are hard. (AC +5)
You cannot fit into any form of body armour.
You are cold-blooded and may be slowed by cold attacks.


Message History

You barely miss the gnoll.
The gnoll is heavily wounded.
The foxfire hits the gnoll.
The gnoll is severely wounded.
The foxfire hits the gnoll but does no damage.
The gnoll is severely wounded.
The gnoll hits you from afar with a +0 spear.
Casting: Foxfire (safe; 5% risk of failure)
Confirm with . or Enter, or press ? or * to list all spells.
You conjure some foxfire!
The gnoll hits you with a +0 flail.
The gnoll hits you from afar with a +0 spear.
* * * LOW HITPOINT WARNING * * *
You closely miss the gnoll.
Your tail-slap misses the gnoll.
The gnoll is severely wounded.
The foxfire hits the gnoll.
You kill the gnoll!
The foxfire hits the gnoll.
The gnoll is lightly wounded.
The gnoll hits you from afar with a +0 spear!
You die...

#...# ##.###########.#
#.#.###...........##.#
#.#...........<.....#.
#.#..##..##...........
#.#..##..##....##.##.#
#.#.........#...#.##.#
#.#....>......>.#.##.#
#.#....g.#.##...#.##.#
#...(@)..#.###.##.##.#
##..ยงยง)..#.###.##.##.#
#..........##.##.##)#
#........#.......#.[#
#.#...##...##.###...#
#.##.####.###.##....#
#.##.# #.....##.#<##
#.##.# ######.##.#.##
#.##.# #......##.#.##


You could see a gnoll.

Vanquished Creatures
  A quasit (D:2)
  3 gnolls (D:2)
  4 adders
  An ooze (D:1)
  A worm (D:2)
  2 dart slugs
  A leopard gecko (D:1)
  2 ball pythons
  4 giant cockroaches
  A goblin (D:2)
  6 hobgoblins
  11 jackals
  A quokka (D:2)
  7 bats
  A frilled lizard (D:2)
  4 kobolds
  4 rats
54 creatures vanquished.

Vanquished Creatures (others)
  158 foxfires
158 creatures vanquished.

Grand Total: 212 creatures vanquished

Notes
Turn   | Place    | Note
-------+----------+-------------------------------------------
     0 | D:1      | FishyPogo the Draconian Fire Elementalist began the quest
                  | for the Orb.
     0 | D:1      | Reached XP level 1. HP: 14/14 MP: 3/3
   199 | D:1      | Reached XP level 2. HP: 20/20 MP: 0/5
   697 | D:1      | Reached skill level 1 in Fighting
  1054 | D:1      | Reached XP level 3. HP: 18/28 MP: 3/6
  1772 | D:2      | Found Zin's Purification Station.
  1775 | D:2      | Found a glowing silver altar of Zin.
  1988 | D:2      | Reached XP level 4. HP: 35/36 MP: 5/8
  2210 | D:2      | Learned a level 4 spell: Sticky Flame
  2547 | D:2      | Reached XP level 5. HP: 42/42 MP: 4/9
  2901 | D:2      | Slain by a gnoll

Illustrated notes

Levels and vault maps discovered:
D:1:      dpeg_arrival_simpleton_a, layout_loops_cross
D:2:      layout_loops_ring, zin_purify, small_statue_intersection,
          kennysheep_minor_cross

Skill      XL: |  1  2  3  4 |
---------------+-------------+-----
Stealth        | 2 |  2.0
Fighting       | 1 2 |  2.5
Dodging        | 2 |  2.0
Spellcasting   | 3 |  3.0
Conjurations   | 2 |  2.1
Fire Magic     | |  3.9

Action                   |  1- 3 |  4- 6 || total
-------------------------+-------+-------++-------
Melee: Unarmed           |   106 |    37 ||   143
       Tailslap          |    18 |     3 ||    21
 Cast: Foxfire           |    65 |    46 ||   111
  Use: Potion            |     1 |       ||     1
Armor: Skin              |    41 |    39 ||    80
Dodge: Dodged            |   103 |    62 ||   165
